 Dungeon Crawl Stone Soup version 0.28-a0-1382-g92835e5c71 (webtiles) character file.

Game seed: 12453156735462757800

18764 sanka the Grappler (level 12, -3/97 HPs)
             Began as a Gnoll Cinder Acolyte on Jan 1, 2022.
             Was an Elder of Ignis.
             Slain by a yak (14 damage)
             ... on level 1 of the Lair of Beasts.
             The game lasted 00:25:34 (18212 turns).

sanka the Grappler (Gnoll Cinder Acolyte)          Turns: 18212, Time: 00:25:34

Health: -3/97      AC:  6    Str: 14    XL:     12   Next: 61%
Magic:  24/24      EV: 27    Int: 18    God:    Ignis [****..]
Gold:   909        SH:  0    Dex: 13    Spells: 20/27 levels left

rFire   + . .      SeeInvis .     - Unarmed
rCold   . . .      Faith    .   (shield currently unavailable)
rNeg    . . .      Spirit   .   (armour currently unavailable)
rPois   x          Reflect  .   (helmet currently unavailable)
rElec   .          Harm     .   (cloak currently unavailable)
rCorr   .          Rampage  .   (gloves currently unavailable)
Will    .....                   (boots currently unavailable)
Stlth   ++++......              V - amulet of the acrobat
HPRegen 0.26/turn               U - +4 ring of evasion
MPRegen 0.19/turn               q - +4 ring of protection

@: spider-form
A: venomous fangs, tiny, (fangs 1), strong nose, distributed training
a: End Transformation, Renounce Religion, Fiery Armour, Foxfire Swarm, Rising
Flame


You were on level 1 of the Lair of Beasts.
You worshipped Ignis.
Ignis was greatly pleased with you.
You were a venomous arachnid creature.
You visited 2 branches of the dungeon, and saw 12 of its levels.
You also visited: Sewer.

You collected 909 gold pieces.


Innate Abilities, Weirdness & Mutations

You are a venomous arachnid creature.
You have poisonous fangs.
You are tiny and dextrous.
Your spellcasting is less reliable in this form.
Your armour is entirely melded.
You are incapable of wielding weapons or throwing items.
((You have very sharp teeth.))
Your uncanny sense of smell can sniff out nearby items.
Your experience applies equally to all skills.


   Skills:
 + Level 10.0 Fighting
 + Level 7.4 Short Blades
 + Level 7.4 Long Blades
 + Level 7.4 Axes
 + Level 7.4 Maces & Flails
 + Level 7.4 Polearms
 + Level 7.4 Staves
 + Level 7.4 Slings
 + Level 7.4 Bows
 + Level 7.4 Crossbows
 + Level 7.4 Throwing
 + Level 7.4 Armour
 + Level 7.4 Dodging
 + Level 7.4 Stealth
 + Level 7.4 Shields
 + Level 10.0 Unarmed Combat
 + Level 8.0 Spellcasting
 + Level 6.2 Conjurations
 + Level 6.2 Hexes
 + Level 6.2 Summonings
 + Level 6.2 Necromancy
 + Level 6.2 Translocations
 + Level 6.2 Transmutations
 + Level 8.3 Fire Magic
 + Level 6.2 Ice Magic
 + Level 6.2 Air Magic
 + Level 6.2 Earth Magic
 + Level 6.2 Poison Magic
 + Level 8.2 Invocations
 + Level 7.4 Evocations


You had 20 spell levels left.
You knew the following spells:

 Your Spells              Type           Power      Damage    Failure   Level
y - Scorch                Fire           74%        2d8       3%          2
z - Spider Form           Tmut/Pois      29%        N/A       9%          3
Z - Static Discharge      Conj/Air       29%        N/A       5%          2

Your spell library contained the following spells:

 Spells                   Type           Power      Damage    Failure   Level
 Slow                     Hex            100%       N/A       4%          1
 Corpse Rot               Necr/Air       58%        N/A       5%          2
 Ensorcelled Hibernation  Hex/Ice        58%        N/A       5%          2
 Confusing Touch          Hex            29%        N/A       9%          3
 Tukima's Dance           Hex            29%        N/A       9%          3
 Vampiric Draining        Necr           29%        2d8       9%          3
 Lightning Bolt           Conj/Air       14%        1d28      43%         5
 Summon Forest            Summ/Tloc      14%        N/A       43%         5
 Summon Mana Viper        Hex/Summ       29%        N/A       43%         5
 Summon Cactus Giant      Summ           14%        N/A       89%         6
 Enfeeble                 Hex            14%        N/A       100%        7
 Storm Form               Tmut/Air       14%        N/A       100%        7
 Maxwell's Capacitive Co  Air            14%        ∞         100%        8
 Chain Lightning          Conj/Air       14%        3d19      100%        9

Inventory:

Hand Weapons
 R - the +6 trident of the Silent Majority {vamp, rC++ Int-2 SInv Stlth+}

   It occasionally heals its wielder for a portion of the damage dealt when it
   wounds a living foe.
   Int:       It affects your intelligence (-2).
   rC:        It greatly protects you from cold.
   SInv:      It lets you see invisible.
   Stlth:     It makes you more stealthy.
Missiles
 x - 12 curare-tipped darts {=f}
 N - 3 throwing nets {=f}
Armour
 a - a +0 robe (melded)
 r - a +0 helmet
 u - a +0 cloak (melded)
 K - a +0 pair of gloves (melded)
 O - a +1 hat of stealth (melded)
Jewellery
 i - a ring of protection from fire
 p - a ring of protection from cold
 q - a +4 ring of protection (right front leg)
 B - a ring of positive energy
 C - a +6 ring of strength
 E - a ring of flight
 I - a +6 ring of strength
 U - a +4 ring of evasion (left front leg)
 V - an amulet of the acrobat (around neck)
Wands
 m - a wand of acid (7)
 s - a wand of flame (7)
 H - a wand of paralysis (19)
 J - a wand of iceblast (29)
 P - a wand of mindburst (23)
Scrolls
 e - 6 scrolls of teleportation {@r4}
 f - a scroll of silence {unknown}
 g - 2 scrolls of fog
 h - 5 scrolls of enchant armour
 j - 2 scrolls of enchant weapon
 k - 2 scrolls of fear
 l - 2 scrolls of magic mapping {unknown}
 y - a scroll of summoning {unknown}
 z - 2 scrolls of blinking
 M - 4 scrolls of immolation {!r}
 Q - a scroll of vulnerability {unknown}
 T - a scroll of holy word {unknown}
 W - a scroll of acquirement {unknown}
 X - a scroll of amnesia {unknown}
Potions
 b - 3 potions of berserk rage {unknown}
 c - 5 potions of lignification {unknown}
 d - 3 potions of curing {@q1}
 n - a potion of flight {unknown}
 o - 2 potions of attraction {unknown}
 v - 2 potions of heal wounds {unknown}
 w - 2 potions of degeneration {unknown}
 A - 3 potions of haste {unknown}
 D - 2 potions of invisibility {unknown}
 F - 2 potions of resistance {unknown}
 G - 2 potions of might {unknown}
 L - 2 potions of mutation {unknown}
Miscellaneous
 S - a lightning rod (4/4)

Dungeon Overview and Level Annotations

Branches:
Dungeon (11/15)            Temple (0/1) D:4            Lair (1/6) D:8
    Orc (0/2) D:11          Sewer (visited)

Altars:
Ashenzari
Gozag
Uskayaw
Yredelemnul

Shops:
D:3

( ..................▒▒
...................▒▒ ..
...................▒
..▒▒▒+▒▒▒▒▒▒..▒▒▒▒▒..▒▒..▒▒
..........▒...▒▒▒▒.▒▒....▒
▒............▒......▒..▒▒ ...
+........▒..▒▒.....▒▒..▒
▒.....▒.......†▒Y.▒▒.....▒▒..▒
▒.....▒........Ys.▒▒.....▒▒..▒
▒..............▒Y.▒▒.....▒▒..▒
▒..............▒..▒▒.....▒▒..▒
▒.........▒▒..▒▒..▒▒.▒PP.▒▒..▒
........).........▒▒.▒▒▒..▒..▒
.............................▒
.............................▒
.............................▒
.............................▒


You could see 3 yaks.


Message History

You bite the yak!
The yak looks as sick as possible!
The yak is almost dead.
The yak gores you! The yak misses you.
You hit the yak but do no damage.
The yak looks as sick as possible!
The yak is almost dead.
The yak gores you!
* * * LOW HITPOINT WARNING * * *
You hit the yak.
You kill the yak!
The yak gores you!
* * * LOW HITPOINT WARNING * * *
You hit the yak.
The yak is lightly wounded.
The yak completely misses you.
You bite the yak!
The yak is poisoned.
The yak is moderately wounded.
The yak gores you!
* * * LOW HITPOINT WARNING * * *
The yak completely misses you.
You hit the yak but do no damage.
The yak looks as sick as possible!
The yak is moderately wounded.
The yak gores you.
* * * LOW HITPOINT WARNING * * *
The yak gores you!
You die...

Action                   |  1- 3 |  4- 6 |  7- 9 | 10-12 || total
-------------------------+-------+-------+-------+-------++-------
Melee: Unarmed           |   128 |   129 |   207 |   435 ||   899
       Punch             |     4 |     2 |     3 |     3 ||    12
       Bite              |     9 |    10 |    16 |    10 ||    45
Throw: Dart              |       |       |       |     1 ||     1
 Cast: Scorch            |     2 |    26 |   142 |   110 ||   280
       Spider Form       |       |       |     1 |    34 ||    35
Invok: Foxfire Swarm     |       |       |       |     2 ||     2
       Fiery Armour      |       |       |       |     2 ||     2
Evoke: Wand              |       |       |     2 |     7 ||     9
  Use: Scroll            |       |       |       |     8 ||     8
       Potion            |       |       |       |     3 ||     3
 Stab: Sleeping          |       |     2 |     2 |     3 ||     7
       Invisible         |       |       |       |     1 ||     1
       Paralysed         |       |       |       |     5 ||     5
Armor: Robe              |    23 |    41 |    77 |    32 ||   173
       Skin              |       |       |       |    42 ||    42
Dodge: Dodged            |    87 |    80 |   138 |   463 ||   768

Levels and vault maps discovered:
D:1:      eino_arrival_cavern_e, layout_loops_ring,
          nicolae_ecumenical_lake_church, chequers_serial_rivers_room_b
D:2:      layout_loops_cross, kennysheep_jessica_study
D:3:      layout_loops_cross, serial_shops, shop, uniq_robin
D:4:      layout_basic, minmay_temple_entry_sparse_star, portal_sewer_entry_c,
          uniq_natasha
D:5:      layout_loops_ring
D:6:      layout_rooms, minmay_unpleasant_kobolds
D:7:      layout_basic, minmay_checkerbox, uniq_prince_ribbit1, uniq_joseph,
          uniq_duvessa, uniq_menkaure
D:8:      minmay_spotlight, layout_loops_ring, minmay_lair_entry_grove,
          uniq_gastronok
D:9:      layout_stronghold
D:10:     layout_basic, nicolae_overflow_hidden_temple, minmay_misc_feat_iff,
          chequers_serial_rivers_micro_d, minmay_misc_feat_tower
D:11:     layout_rooms, hiddenorc1_lemuel, uniq_josephine, uniq_harold,
          uniq_sonja, uniq_psyche
Lair:1:   layout_regular_city, infiniplex_staircase_pool, grunt_megastairs_4

Notes
Turn   | Place    | Note
-------+----------+-------------------------------------------
     0 | D:1      | sanka the Gnoll Cinder Acolyte began the quest for the Orb.
     0 | D:1      | Reached XP level 1. HP: 23/23 MP: 4/4
   137 | D:1      | Found a faded altar of an unknown god.
   172 | D:1      | Reached XP level 2. HP: 20/29 MP: 5/5
   644 | D:1      | Reached XP level 3. HP: 18/35 MP: 7/7
   800 | D:1      | Learned a level 2 spell: Scorch
  1420 | D:2      | Reached skill level 1 in Invocations
  1861 | D:2      | Noticed Jessica
  1875 | D:2      | Killed Jessica
  1876 | D:2      | Reached skill level 1 in Short Blades
  1876 | D:2      | Reached skill level 1 in Long Blades
  1876 | D:2      | Reached skill level 1 in Axes
  1876 | D:2      | Reached skill level 1 in Maces & Flails
  1876 | D:2      | Reached skill level 1 in Polearms
  1876 | D:2      | Reached skill level 1 in Staves
  1876 | D:2      | Reached skill level 1 in Slings
  1876 | D:2      | Reached skill level 1 in Bows
  1876 | D:2      | Reached skill level 1 in Crossbows
  1876 | D:2      | Reached skill level 1 in Throwing
  1876 | D:2      | Reached skill level 1 in Armour
  1876 | D:2      | Reached skill level 1 in Dodging
  1876 | D:2      | Reached skill level 1 in Stealth
  1876 | D:2      | Reached skill level 1 in Shields
  1876 | D:2      | Reached skill level 3 in Spellcasting
  1876 | D:2      | Reached skill level 1 in Evocations
  1876 | D:2      | Reached XP level 4. HP: 22/41 MP: 3/8
  2398 | D:3      | Reached skill level 1 in Conjurations
  2398 | D:3      | Reached skill level 1 in Hexes
  2398 | D:3      | Reached skill level 1 in Summonings
  2398 | D:3      | Reached skill level 1 in Necromancy
  2398 | D:3      | Reached skill level 1 in Translocations
  2398 | D:3      | Reached skill level 1 in Transmutations
  2398 | D:3      | Reached skill level 1 in Ice Magic
  2398 | D:3      | Reached skill level 1 in Air Magic
  2398 | D:3      | Reached skill level 1 in Earth Magic
  2398 | D:3      | Reached skill level 1 in Poison Magic
  2405 | D:3      | Reached XP level 5. HP: 35/47 MP: 4/9
  2425 | D:3      | Noticed Robin
  2520 | D:3      | Killed Robin
  3104 | D:3      | Found Xoiniyq's Weapon Emporium.
  3381 | D:4      | Noticed a phantom
  3390 | D:3      | Killed a phantom
  3391 | D:3      | Reached skill level 2 in Invocations
  3391 | D:3      | Reached XP level 6. HP: 41/53 MP: 1/10
  3498 | D:4      | Found a glowing drain.
  3511 | Sewer    | Entered a sewer
  3605 | Sewer    | Reached skill level 2 in Short Blades
  3605 | Sewer    | Reached skill level 2 in Long Blades
  3605 | Sewer    | Reached skill level 2 in Axes
  3605 | Sewer    | Reached skill level 2 in Maces & Flails
  3605 | Sewer    | Reached skill level 2 in Polearms
  3605 | Sewer    | Reached skill level 2 in Staves
  3605 | Sewer    | Reached skill level 2 in Slings
  3605 | Sewer    | Reached skill level 2 in Bows
  3605 | Sewer    | Reached skill level 2 in Crossbows
  3605 | Sewer    | Reached skill level 2 in Throwing
  3605 | Sewer    | Reached skill level 2 in Armour
  3605 | Sewer    | Reached skill level 2 in Dodging
  3605 | Sewer    | Reached skill level 2 in Stealth
  3605 | Sewer    | Reached skill level 2 in Shields
  3605 | Sewer    | Reached skill level 2 in Evocations
  3973 | Sewer    | Reached XP level 7. HP: 56/59 MP: 7/12
  4804 | D:4      | Reached skill level 7 in Fighting
  4804 | D:4      | Reached skill level 7 in Unarmed Combat
  4906 | D:4      | Reached skill level 2 in Conjurations
  4906 | D:4      | Reached skill level 2 in Hexes
  4906 | D:4      | Reached skill level 2 in Summonings
  4906 | D:4      | Reached skill level 2 in Necromancy
  4906 | D:4      | Reached skill level 2 in Translocations
  4906 | D:4      | Reached skill level 2 in Transmutations
  4906 | D:4      | Reached skill level 2 in Ice Magic
  4906 | D:4      | Reached skill level 2 in Air Magic
  4906 | D:4      | Reached skill level 2 in Earth Magic
  4906 | D:4      | Reached skill level 2 in Poison Magic
  4932 | D:5      | Entered Level 5 of the Dungeon
  5087 | D:4      | Found a staircase to the Ecumenical Temple.
  5375 | D:4      | Reached skill level 3 in Invocations
  5502 | D:4      | Reached skill level 4 in Spellcasting
  5592 | D:4      | Noticed Natasha
  5595 | D:4      | Killed Natasha
  5726 | D:4      | Reached skill level 6 in Fire Magic
  5726 | D:4      | Reached XP level 8. HP: 67/67 MP: 11/14
  6081 | D:5      | Reached skill level 3 in Short Blades
  6081 | D:5      | Reached skill level 3 in Long Blades
  6081 | D:5      | Reached skill level 3 in Axes
  6081 | D:5      | Reached skill level 3 in Maces & Flails
  6081 | D:5      | Reached skill level 3 in Polearms
  6081 | D:5      | Reached skill level 3 in Staves
  6081 | D:5      | Reached skill level 3 in Slings
  6081 | D:5      | Reached skill level 3 in Bows
  6081 | D:5      | Reached skill level 3 in Crossbows
  6081 | D:5      | Reached skill level 3 in Throwing
  6081 | D:5      | Reached skill level 3 in Armour
  6081 | D:5      | Reached skill level 3 in Dodging
  6081 | D:5      | Reached skill level 3 in Stealth
  6081 | D:5      | Reached skill level 3 in Shields
  6081 | D:5      | Reached skill level 3 in Evocations
  6522 | D:5      | Noticed a shadow
  6530 | D:5      | Killed a shadow
  6936 | D:6      | Reached skill level 3 in Conjurations
  6936 | D:6      | Reached skill level 3 in Hexes
  6936 | D:6      | Reached skill level 3 in Summonings
  6936 | D:6      | Reached skill level 3 in Necromancy
  6936 | D:6      | Reached skill level 3 in Translocations
  6936 | D:6      | Reached skill level 3 in Transmutations
  6936 | D:6      | Reached skill level 3 in Ice Magic
  6936 | D:6      | Reached skill level 3 in Air Magic
  6936 | D:6      | Reached skill level 3 in Earth Magic
  6936 | D:6      | Reached skill level 3 in Poison Magic
  6936 | D:6      | Reached skill level 4 in Invocations
  7157 | D:6      | Reached XP level 9. HP: 60/70 MP: 7/16
  7446 | D:5      | Reached skill level 4 in Short Blades
  7446 | D:5      | Reached skill level 4 in Long Blades
  7446 | D:5      | Reached skill level 4 in Axes
  7446 | D:5      | Reached skill level 4 in Maces & Flails
  7446 | D:5      | Reached skill level 4 in Polearms
  7446 | D:5      | Reached skill level 4 in Staves
  7446 | D:5      | Reached skill level 4 in Slings
  7446 | D:5      | Reached skill level 4 in Bows
  7446 | D:5      | Reached skill level 4 in Crossbows
  7446 | D:5      | Reached skill level 4 in Throwing
  7446 | D:5      | Reached skill level 4 in Armour
  7446 | D:5      | Reached skill level 4 in Dodging
  7446 | D:5      | Reached skill level 4 in Stealth
  7446 | D:5      | Reached skill level 4 in Shields
  7446 | D:5      | Reached skill level 5 in Spellcasting
  7446 | D:5      | Reached skill level 4 in Evocations
  8216 | D:6      | Reached skill level 8 in Fighting
  8216 | D:6      | Reached skill level 8 in Unarmed Combat
  8578 | D:7      | Got the Disquisition on Feathers
  8586 | D:7      | Noticed Duvessa
  8586 | D:7      | Noticed Dowan
  8623 | D:7      | Killed Dowan
  8625 | D:7      | Killed Duvessa
  8758 | D:7      | Reached skill level 5 in Invocations
  9110 | D:7      | Learned a level 3 spell: Spider Form
  9162 | D:7      | Reached XP level 10. HP: 80/80 MP: 6/18
  9164 | D:7      | Reached skill level 4 in Conjurations
  9164 | D:7      | Reached skill level 4 in Hexes
  9164 | D:7      | Reached skill level 4 in Summonings
  9164 | D:7      | Reached skill level 4 in Necromancy
  9164 | D:7      | Reached skill level 4 in Translocations
  9164 | D:7      | Reached skill level 4 in Transmutations
  9164 | D:7      | Reached skill level 4 in Ice Magic
  9164 | D:7      | Reached skill level 4 in Air Magic
  9164 | D:7      | Reached skill level 4 in Earth Magic
  9164 | D:7      | Reached skill level 4 in Poison Magic
  9278 | D:7      | Noticed Joseph
  9290 | D:7      | Noticed Prince Ribbit
  9299 | D:7      | Killed Joseph
  9300 | D:7      | Reached skill level 5 in Short Blades
  9300 | D:7      | Reached skill level 5 in Long Blades
  9300 | D:7      | Reached skill level 5 in Axes
  9300 | D:7      | Reached skill level 5 in Maces & Flails
  9300 | D:7      | Reached skill level 5 in Polearms
  9300 | D:7      | Reached skill level 5 in Staves
  9300 | D:7      | Reached skill level 5 in Slings
  9300 | D:7      | Reached skill level 5 in Bows
  9300 | D:7      | Reached skill level 5 in Crossbows
  9300 | D:7      | Reached skill level 5 in Throwing
  9300 | D:7      | Reached skill level 5 in Armour
  9300 | D:7      | Reached skill level 5 in Dodging
  9300 | D:7      | Reached skill level 5 in Stealth
  9300 | D:7      | Reached skill level 5 in Shields
  9300 | D:7      | Reached skill level 5 in Evocations
  9495 | D:7      | Killed Prince Ribbit
  9496 | D:7      | Reached skill level 7 in Fire Magic
  9826 | D:7      | Noticed Menkaure
  9829 | D:7      | Killed Menkaure
 10177 | D:8      | Reached skill level 6 in Spellcasting
 10829 | D:7      | Reached skill level 6 in Invocations
 11208 | D:8      | Found a staircase to the Lair.
 11504 | D:8      | Noticed Gastronok
 11836 | D:8      | Killed Gastronok
 11837 | D:8      | Reached skill level 9 in Fighting
 11837 | D:8      | Reached skill level 6 in Short Blades
 11837 | D:8      | Reached skill level 6 in Long Blades
 11837 | D:8      | Reached skill level 6 in Axes
 11837 | D:8      | Reached skill level 6 in Maces & Flails
 11837 | D:8      | Reached skill level 6 in Polearms
 11837 | D:8      | Reached skill level 6 in Staves
 11837 | D:8      | Reached skill level 6 in Slings
 11837 | D:8      | Reached skill level 6 in Bows
 11837 | D:8      | Reached skill level 6 in Crossbows
 11837 | D:8      | Reached skill level 6 in Throwing
 11837 | D:8      | Reached skill level 6 in Armour
 11837 | D:8      | Reached skill level 6 in Dodging
 11837 | D:8      | Reached skill level 6 in Stealth
 11837 | D:8      | Reached skill level 6 in Shields
 11837 | D:8      | Reached skill level 9 in Unarmed Combat
 11837 | D:8      | Reached skill level 6 in Evocations
 11837 | D:8      | Reached XP level 11. HP: 19/89 MP: 7/21
 12429 | D:8      | Reached skill level 5 in Conjurations
 12429 | D:8      | Reached skill level 5 in Hexes
 12429 | D:8      | Reached skill level 5 in Summonings
 12429 | D:8      | Reached skill level 5 in Necromancy
 12429 | D:8      | Reached skill level 5 in Translocations
 12429 | D:8      | Reached skill level 5 in Transmutations
 12429 | D:8      | Reached skill level 5 in Ice Magic
 12429 | D:8      | Reached skill level 5 in Air Magic
 12429 | D:8      | Reached skill level 5 in Earth Magic
 12429 | D:8      | Reached skill level 5 in Poison Magic
 12629 | D:9      | Noticed a two-headed ogre
 12748 | D:9      | Killed a two-headed ogre
 13645 | D:9      | Learned a level 2 spell: Static Discharge
 13894 | D:9      | Identified the +6 trident of the Silent Majority {vamp,
                  | rC++ Int-2 SInv Stlth+}
 13929 | D:10     | Entered Level 10 of the Dungeon
 14048 | D:10     | Found a broken altar of Ashenzari.
 14058 | D:10     | Found a basalt altar of Yredelemnul.
 14077 | D:10     | Reached skill level 7 in Spellcasting
 14198 | D:10     | Reached skill level 7 in Invocations
 15001 | D:10     | Noticed a manticore
 15010 | D:10     | Killed a manticore
 15293 | D:10     | Found an opulent altar of Gozag.
 15295 | D:10     | Found a hide-covered altar of Uskayaw.
 15897 | D:11     | Noticed a two-headed ogre
 15902 | D:11     | Noticed Psyche
 15904 | D:11     | Noticed Sonja
 15945 | D:10     | Killed a two-headed ogre
 15951 | D:10     | Killed Psyche
 15970 | D:11     | Killed Sonja
 15971 | D:11     | Reached skill level 8 in Fire Magic
 15971 | D:11     | Reached XP level 12. HP: 89/96 MP: 23/23
 16141 | D:11     | Found a staircase to the Orcish Mines.
 16201 | D:11     | Noticed Josephine
 16212 | D:11     | Killed Josephine
 16213 | D:11     | Reached skill level 7 in Short Blades
 16213 | D:11     | Reached skill level 7 in Long Blades
 16213 | D:11     | Reached skill level 7 in Axes
 16213 | D:11     | Reached skill level 7 in Maces & Flails
 16213 | D:11     | Reached skill level 7 in Polearms
 16213 | D:11     | Reached skill level 7 in Staves
 16213 | D:11     | Reached skill level 7 in Slings
 16213 | D:11     | Reached skill level 7 in Bows
 16213 | D:11     | Reached skill level 7 in Crossbows
 16213 | D:11     | Reached skill level 7 in Throwing
 16213 | D:11     | Reached skill level 7 in Armour
 16213 | D:11     | Reached skill level 7 in Dodging
 16213 | D:11     | Reached skill level 7 in Stealth
 16213 | D:11     | Reached skill level 7 in Shields
 16213 | D:11     | Reached skill level 7 in Evocations
 16714 | D:11     | Noticed Harold
 16752 | D:11     | HP: 2/97 [Harold (20)]
 16755 | D:11     | Killed Harold
 16764 | D:11     | Reached skill level 6 in Conjurations
 16764 | D:11     | Reached skill level 6 in Hexes
 16764 | D:11     | Reached skill level 6 in Summonings
 16764 | D:11     | Reached skill level 6 in Necromancy
 16764 | D:11     | Reached skill level 6 in Translocations
 16764 | D:11     | Reached skill level 6 in Transmutations
 16764 | D:11     | Reached skill level 6 in Ice Magic
 16764 | D:11     | Reached skill level 6 in Air Magic
 16764 | D:11     | Reached skill level 6 in Earth Magic
 16764 | D:11     | Reached skill level 6 in Poison Magic
 17151 | D:11     | Noticed a boulder beetle
 17175 | D:11     | Killed a boulder beetle
 17176 | D:11     | Reached skill level 8 in Invocations
 17434 | Lair:1   | Entered Level 1 of the Lair of Beasts
 17606 | Lair:1   | Noticed a five-headed hydra
 17619 | Lair:1   | Killed a five-headed hydra
 17856 | Lair:1   | Reached skill level 8 in Spellcasting
 18203 | Lair:1   | Reached skill level 10 in Fighting
 18203 | Lair:1   | Reached skill level 10 in Unarmed Combat
 18212 | Lair:1   | Slain by a yak

Vanquished Creatures
  Gastronok (D:8)
  Josephine (D:11)
  A hydra (Lair:1)
  Harold (D:11)
  A boulder beetle (D:11)
  2 two-headed ogres
  Sonja (D:11)
  2 manticores
  Joseph (D:7)
  2 komodo dragons
  4 kobold demonologists (D:11)
  An unseen horror (D:10)
  Psyche (D:10)
  A troll (D:10)
  Prince Ribbit (D:7)
  4 wraiths
  4 shadows
  6 yaks
  2 basilisks
  5 wyverns
  Menkaure (D:7)
  5 water moccasins
  5 ice beasts
  Duvessa (D:7)
  5 orc warriors
  3 sky beasts
  4 black bears
  3 necrophages
  3 ogres
  2 wolves (D:8)
  3 phantoms
  A centaur (D:8)
  6 kobold brigands
  5 bullfrogs
  A water moccasin skeleton (D:4)
  Dowan (D:7)
  23 killer bees
  6 wights
  3 centaur zombies
  2 hounds
  2 bullfrog skeletons (D:7)
  4 jellies
  A centaur skeleton (D:7)
  2 orc priests
  6 iguanas
  Jessica (D:2)
  6 orc wizards
  Natasha (D:4)
  A howler monkey zombie (D:6)
  Robin (D:3)
  A howler monkey skeleton (D:4)
  8 adders
  4 river rats
  A shadow imp (D:6)
  3 white imps
  An ufetubus (D:5)
  2 dart slugs
  40 orcs
  11 ball pythons
  7 bats
  8 endoplasms
  6 giant cockroaches
  12 goblins
  5 hobgoblins
  13 jackals
  21 kobolds
  5 quokkas
  9 frilled lizards
  13 rats
320 creatures vanquished.

Vanquished Creatures (others)
  40 foxfires (D:11)
  37 plants
77 creatures vanquished.

Grand Total: 397 creatures vanquished
